 Dungeon Crawl Stone Soup version 0.27-a0-1188-g73eefd5def (webtiles) character file.

Game seed: 18170343463101365778

10372 chippings the Basher (level 11, -2/90 HPs)
             Began as an Ogre Warper on May 21, 2021.
             Was an Elder of Hepliaklqana.
             Slain by a freezing wraith (6 damage)
             ... in an ice cave.
             The game lasted 00:32:19 (12946 turns).

chippings the Basher (Ogre Warper)                 Turns: 12946, Time: 00:32:21

Health: -2/90      AC:  5    Str: 26    XL:     11   Next: 61%
Magic:  15/15      EV: 10    Int: 20    God:    Hepliaklqana [****..]
Gold:   392        SH:  0    Dex: 10    Spells: 0/16 levels left

rFire    + . .     SeeInvis .   k - +0 dire flail
rCold    + + .     Faith    .   (shield currently unavailable)
rNeg     . . .     Spirit   .   A - +2 robe {rC+}
rPois    .         Reflect  .   j - +0 hat of the Catamount {rElec Str+8}
rElec    +         Harm     .   m - scarf {rC+ rF+}
rCorr    +         Rampage  .   (gloves unavailable)
Will     +....                  (boots unavailable)
Stlth    +.........             b - amulet of regeneration
HPRegen  1.25/turn              v - +6 ring of intelligence
MPRegen  0.14/turn              p - ring of resist corrosion

@: slowed, very slow
A: reduced essence, large, unfitting armour, tough skin 1
a: Renounce Religion, Recall Ancestor, Ancestor Identity, Transference, Idealise


You were in an ice cave.
You worshipped Hepliaklqana.
Hepliaklqana was greatly pleased with you.
You visited 3 branches of the dungeon, and saw 14 of its levels.
You also visited: Ice Cave.

You collected 720 gold pieces.
You spent 328 gold pieces at shops.

Inventory:

Hand Weapons
 a - a +0 mace
 d - a +0 giant spiked club
 k - a +0 dire flail (weapon)
 F - a +2 mace of holy wrath
Missiles
 e - a boomerang of dispersal (quivered)
 g - 9 boomerangs
Armour
 j - the +0 hat of the Catamount (worn) {rElec Str+8}
   (You acquired it on level 11 of the Dungeon)

   It affects your strength (+8).
   It insulates you from electricity.
 m - a scarf of resistance (worn)
 q - +0 swamp dragon scales
 t - a +1 robe of fire resistance
 z - a +0 robe of willpower
 A - a +2 robe of cold resistance (worn)
 I - +0 acid dragon scales
Jewellery
 b - an amulet of regeneration (around neck)
 p - a ring of resist corrosion (right hand)
 r - an amulet of magic regeneration
 s - a ring of flight
 v - a +6 ring of intelligence (left hand)
 C - a ring of wizardry
Wands
 n - a wand of acid (11)
 w - a wand of polymorph (13)
 y - a wand of digging (5)
 B - a wand of flame (26)
 J - a wand of iceblast (10)
Scrolls
 h - a scroll of magic mapping
 i - 3 scrolls of immolation
 o - a scroll of noise
 u - a scroll of teleportation
 D - a scroll of vulnerability
 E - a scroll of summoning
 G - 3 scrolls of amnesia
 L - 3 scrolls of identify
Potions
 c - 5 potions of curing
 f - 5 potions of flight
 l - 6 potions of might
 x - a potion of heal wounds
 H - a potion of resistance {unknown}
 K - a potion of berserk rage


   Skills:
 - Level 4.0 Fighting
 + Level 11.9 Maces & Flails
 - Level 1.0 Throwing
 - Level 4.0 Armour
 - Level 4.0 Dodging
 - Level 3.0 Spellcasting
 + Level 10.0 Translocations


You couldn't memorise any spells.
You knew the following spells:

 Your Spells              Type           Power      Damage    Failure   Level
a - Blink                 Tloc           N/A        N/A       1%          2
b - Gell's Gravitas       Tloc           21%        N/A       1%          3
c - Teleport Other        Tloc           43%        N/A       1%          3
d - Manifold Assault      Tloc           43%        N/A       6%          5
e - Lesser Beckoning      Tloc           21%        N/A       1%          3

Your spell library contained the following spells:

 Spells                   Type           Power      Damage    Failure   Level


Dungeon Overview and Level Annotations

Branches:
Dungeon (12/15)            Temple (1/1) D:4            Lair (1/6) D:8
  IceCv (1/1)
    Orc: D:9-12

Altars:
Ashenzari
Cheibriados
Dithmenos
Elyvilon
Fedhas
Gozag
Hepliaklqana
Kikubaaqudgha
Makhleb
Nemelex Xobeh
Okawaru
Qazlal
Ru
Sif Muna
Trog
Uskayaw
Vehumet
Wu Jian
Xom
Yredelemnul
Zin
The Shining One
Beogh

Shops:
D:4 *   D:5 [   D:11 [!

Portals:
Abyss: D:7

Annotations:
D:3 Grinder
D:5 Prince Ribbit
D:7 2 transporters, Alvadar's ghost, novice DgTm
D:9 2 transporters, tehphobia's ghost, journeyman GnFE
D:10 3 runed translucent doors, swinepaste's ghost, novice DrCj


Innate Abilities, Weirdness & Mutations

Your life essence is reduced to manifest your ancestor. (-10% HP)
You are too large for most types of armour.
You have tough skin. (AC +1)


Message History

The freezing wraith hits you! The freezing wraith freezes you. You resist.
The freezing wraith hits you! The freezing wraith drains your vigour!
You feel yourself slow down.
The freezing wraith hits you but does no damage.
The freezing wraith hits you. The freezing wraith drains your vigour!
You feel as though you will be slow longer.
You swap places.
Rana hits the freezing wraith with a +0 flail!
The freezing wraith hits you! The freezing wraith freezes you. You resist.
The freezing wraith barely misses you.
The freezing wraith hits Rana.
The freezing wraith freezes Rana!
Rana resists.
The freezing wraith hits Rana!
The freezing wraith drains Rana's vigour!
Rana seems to slow down.
You hit the freezing wraith.
The freezing wraith is lightly damaged.
The freezing wraith hits you. The freezing wraith freezes you. You resist.
The freezing wraith hits you!
* * * LOW HITPOINT WARNING * * *
The freezing wraith completely misses Rana.
Rana blocks the freezing wraith's attack.
Rana barely misses the freezing wraith.
You hit the freezing wraith.
The freezing wraith is moderately damaged.
The freezing wraith hits you!
* * * LOW HITPOINT WARNING * * *
The freezing wraith freezes you. You resist.
* * * LOW HITPOINT WARNING * * *
The freezing wraith closely misses you.
The freezing wraith closely misses Rana.
The freezing wraith hits Rana!
Rana hits the freezing wraith but does no damage.
The freezing wraith hits Rana.
The freezing wraith freezes Rana!
Rana resists.
Rana is destroyed!
The freezing wraith hits you!
* * * LOW HITPOINT WARNING * * *
The freezing wraith freezes you. You resist.
You die...

###### ###....##
#.W@....#
#.W.###..##
#...###..##
#...###..## #...#
#...# ....# #..##
##### ...# #...###
###...#### .##
##....###........##
##...............#


You could see 2 freezing wraiths.

Vanquished Creatures
  Erica (D:10)
  A cyclops (D:12)
  Psyche (D:9)
  A kobold demonologist (D:11)
  Maggie (D:6)
  A komodo dragon (D:11)
  A hornet (D:11)
  2 blink frogs (D:8)
  A shadow (D:10)
  A wraith (D:9)
  2 orc warriors
  2 sky beasts
  4 ice beasts (IceCv)
  A black bear (D:5)
  2 ogres (D:6)
  A necrophage (D:5)
  2 centaurs (D:5)
  A kobold brigand (D:8)
  2 scorpions
  A bullfrog (D:8)
  Dowan (D:6)
  An elephant simulacrum (IceCv)
  5 killer bees (D:7)
  4 howler monkeys
  2 wights (D:5)
  6 crimson imps (D:7)
  2 centaur zombies
  3 hounds
  3 jellies
  5 orc priests
  Jessica (D:2)
  7 orc wizards
  An iguana (D:5)
  A wolf simulacrum (IceCv)
  6 gnolls
  A howler monkey skeleton (D:7)
  A shadow imp (D:7)
  8 adders
  14 white imps
  An ufetubus (D:5)
  An adder skeleton (D:4)
  2 dart slugs
  9 orcs
  6 endoplasms
  9 goblins
  5 hobgoblins
  6 jackals
  3 quokkas
  5 ball pythons
  6 bats
  3 frilled lizards
  9 kobolds
  4 rats
170 creatures vanquished.

Vanquished Creatures (collateral kills)
  A rime drake (D:8)
  A blink frog (D:8)
  7 yaks
  A shadow (D:12)
  A basilisk (D:11)
  2 steam dragons
  A death yak simulacrum (IceCv)
  An acid dragon (D:11)
  Duvessa (D:5)
  3 water moccasins
  2 ice beasts
  An alligator simulacrum (IceCv)
  A sky beast (D:5)
  2 centaurs
  Blork the orc (D:5)
  2 bullfrogs
  A gnoll sergeant (D:8)
  2 wights
  A killer bee (D:7)
  A howler monkey (D:9)
  A crimson imp (D:7)
  An orc priest (D:6)
  2 hounds (D:6)
  A centaur skeleton (D:7)
  3 orc wizards
  A killer bee zombie (D:7)
  A howler monkey zombie (D:9)
  A gnoll (D:8)
  An adder (D:5)
  4 white imps
  2 ufetubi
  6 orcs
  3 kobolds (D:8)
60 creatures vanquished.

Vanquished Creatures (others)
  A centaur (D:9)
  A knight (IceCv)
  6 ancestors
  An orc (D:6)
  A plant (Lair:1)
10 creatures vanquished.

Grand Total: 240 creatures vanquished

Notes
Turn   | Place    | Note
-------+----------+-------------------------------------------
     0 | D:1      | chippings the Ogre Warper began the quest for the Orb.
     0 | D:1      | Reached XP level 1. HP: 22/22 MP: 3/3
   121 | D:1      | You fall into a shaft and drop 1 floor!
   272 | D:2      | Reached XP level 2. HP: 28/29 MP: 5/5
   395 | D:2      | Reached skill level 2 in Maces & Flails
  1470 | D:1      | Reached XP level 3. HP: 30/37 MP: 7/7
  1642 | D:2      | Found a faded altar of an unknown god.
  1865 | D:3      | Noticed Jessica
  1889 | D:2      | Killed Jessica
  2111 | D:2      | Reached XP level 4. HP: 19/48 MP: 8/8
  2975 | D:3      | Learned a level 2 spell: Blink
  2982 | D:3      | Found an ancient bone altar of Kikubaaqudgha.
  3003 | D:3      | Reached skill level 3 in Maces & Flails
  3729 | D:3      | Reached XP level 5. HP: 44/54 MP: 9/9
  3874 | D:3      | Noticed Grinder
  3928 | D:4      | Found Heeniur's General Store.
  4232 | D:3      | Reached skill level 4 in Maces & Flails
  4616 | D:4      | Bought a potion of might for 44 gold pieces
  4707 | D:4      | Reached XP level 6. HP: 55/62 MP: 10/10
  4869 | D:4      | Found a staircase to the Ecumenical Temple.
  4878 | D:4      | Reached skill level 5 in Maces & Flails
  4884 | Temple   | Entered the Ecumenical Temple
  4997 | Temple   | Became a worshipper of Hepliaklqana the Forgotten
  5429 | D:5      | Entered Level 5 of the Dungeon
  5429 | D:5      | Noticed a necrophage
  5537 | D:5      | Learned a level 3 spell: Gell's Gravitas
  5984 | D:5      | Reached skill level 6 in Maces & Flails
  5984 | D:5      | Reached XP level 7. HP: 31/70 MP: 11/11
  6472 | D:5      | Reached * piety under Hepliaklqana
  7055 | D:5      | Found Doopug's Antique Armour Emporium.
  7082 | D:5      | Bought a runed robe for 74 gold pieces
  7203 | D:5      | Found a hide-covered altar of Uskayaw.
  7288 | D:5      | Reached skill level 7 in Maces & Flails
  7432 | D:6      | Noticed Dowan
  7432 | D:6      | Noticed Duvessa
  7537 | D:6      | Noticed Blork the orc
  7655 | D:5      | Reached XP level 8. HP: 50/70 MP: 12/12
  7794 | D:6      | Killed Dowan
  7795 | D:6      | Reached skill level 8 in Maces & Flails
  7803 | D:5      | Killed Blork the orc
  7840 | D:5      | Killed Duvessa
  7845 | D:5      | Reached skill level 5 in Translocations
  7953 | D:6      | Found a blossoming altar of Fedhas.
  8094 | D:6      | Noticed Prince Ribbit
  8274 | D:6      | Noticed Maggie
  8290 | D:6      | Reached XP level 9. HP: 34/75 MP: 13/13
  8317 | D:6      | Killed Maggie
  8318 | D:6      | Reached skill level 9 in Maces & Flails
  8409 | D:6      | Learned a level 3 spell: Teleport Other
  8416 | D:6      | Learned a level 5 spell: Manifold Assault
  8590 | D:7      | Noticed a two-headed ogre
  9061 | D:7      | Found a sacrificial altar of Ru.
  9204 | D:7      | Reached skill level 10 in Maces & Flails
  9285 | D:7      | Noticed a toenail golem
  9287 | D:7      | Found a one-way gate to the infinite horrors of the Abyss.
  9287 | D:7      | Noticed Alvadar's ghost (novice DgTm)
  9315 | D:7      | Found a transporter.
  9331 | D:7      | Reached ** piety under Hepliaklqana
  9332 | D:7      | Remembered your ancestor Rana as a knight
  9347 | D:7      | Noticed a thrashing horror
  9370 | D:7      | Found a transporter.
  9562 | D:8      | Reached XP level 10. HP: 34/82 MP: 14/14
  9759 | D:8      | Found a staircase to the Lair.
  9891 | D:8      | Reached skill level 1 in Armour
 10227 | D:9      | Noticed Psyche
 10298 | D:9      | Killed Psyche
 10459 | D:9      | Noticed a death knight
 10459 | D:9      | Noticed a spectral centaur warrior
 10461 | D:9      | Noticed tehphobia's ghost (journeyman GnFE)
 10604 | D:9      | Found a transporter.
 10606 | D:9      | Found a transporter.
 10813 | D:9      | Reached *** piety under Hepliaklqana
 11218 | D:10     | Entered Level 10 of the Dungeon
 11237 | D:10     | Noticed Erica
 11244 | D:10     | Killed Erica
 11245 | D:10     | Reached skill level 11 in Maces & Flails
 11245 | D:10     | Reached XP level 11. HP: 81/90 MP: 15/15
 11261 | D:10     | Found a runed translucent gate.
 11261 | D:10     | Identified the +0 plate armour of the Garden {Rampage *Slow
                  | Fly}
 11262 | D:10     | Found a runed translucent gate.
 11263 | D:10     | Noticed swinepaste's ghost (novice DrCj)
 11279 | D:10     | Found a glowing golden altar of the Shining One.
 11279 | D:10     | Found a sparkling altar of Nemelex Xobeh.
 11604 | D:10     | Found a runed translucent gate.
 11822 | Lair:1   | Entered Level 1 of the Lair of Beasts
 11922 | Lair:1   | Noticed an eight-headed hydra
 12061 | D:11     | Learned a level 3 spell: Lesser Beckoning
 12106 | D:11     | Identified the +1 robe of Tenacity {rF+}
 12272 | D:11     | Reached **** piety under Hepliaklqana
 12314 | D:11     | Found Umiwomano's Antique Armour Shoppe.
 12424 | D:11     | Paralysed by a hornet for 2 turns
 12437 | D:11     | HP: 3/90 [hornet (11)]
 12601 | D:11     | Identified a scroll of acquirement
 12604 | D:11     | Acquired the +0 hat of the Catamount {rElec Str+8}
 12650 | D:11     | Found Qir Utaj's Distillery.
 12653 | D:11     | Bought 2 potions of might for 80 gold pieces
 12653 | D:11     | Bought a potion of curing for 30 gold pieces
 12653 | D:11     | Bought a potion of heal wounds for 50 gold pieces
 12653 | D:11     | Bought a potion of berserk rage for 50 gold pieces
 12679 | D:11     | You fall into a shaft and drop 1 floor!
 12699 | D:12     | Noticed a cyclops
 12710 | D:12     | Killed a cyclops
 12751 | D:12     | Found a frozen archway.
 12799 | IceCv    | Entered an ice cave
 12891 | IceCv    | Reached skill level 10 in Translocations
 12946 | IceCv    | HP: 4/90 [freezing wraith (10)]
 12946 | IceCv    | Slain by a freezing wraith

Illustrated notes

Levels and vault maps discovered:
D:1:      ncdulo_lavacross, layout_loops_corners
D:2:      layout_loops_ring, shapermc_ecumenical_altar_starsandcircs,
          serial_park_tiny_1
D:3:      layout_rooms, nicolae_kikubaaqudgha_miasma_corner, uniq_grinder,
          uniq_jessica
D:4:      layout_rooms, minmay_temple_entry_glassed_door, portal_sewer_entry_d,
          serial_shops, nicolae_shop_stone
D:5:      layout_loops_corners, marbit_many_paths, serial_shops,
          nicolae_shop_window_shopping, serial_glass, glass_columns_c,
          glass_columns_b, kennysheep_generic_room_11
D:6:      layout_rooms, general_overflow_altar, uniq_maggie, uniq_duvessa,
          uniq_prince_ribbit1, uniq_blork_the_orc
D:7:      layout_rooms, kennysheep_mini_moat, gammafunk_ghost_abyssal_escape,
          minmay_nine_imps
D:8:      layout_loops_cross, lair_entry_dummy, chequers_serial_rivers_large_a
D:9:      layout_irregular_city, gammafunk_ghost_mausoleum,
          palyth_stone_intersect, grunt_ministairs_12, uniq_psyche
D:10:     layout_rooms, gammafunk_temple_overflow_elements,
          biasface_ghost_orc_armoury, uniq_erica
D:11:     layout_irregular_city, serial_shops, nicolae_shop_behind_doors,
          nicolae_shop_behind_doors
D:12:     layout_gridville, minmay_orc_entry_temple_small, serial_glass,
          glass_columns_a, glass_columns_b, enter_bailey_5,
          portal_ice_cave_entry_imps, uniq_jorgrun
Temple:   nicolae_temple_elliptical
Lair:1:   layout_cave_shapes, grunt_megastairs_4
IceCv:    ice_cave_small_necro

Skill      XL: |  1  2  3  4  5  6  7  8  9 10 11 |
---------------+----------------------------------+-----
Fighting       | 3 4 |  4.0
Maces & Flails | 2 3 4 6 7 8 10 11 | 11.9
Translocations | 3 5 7 8 10 | 10.0
Spellcasting   | 3 |  3.0
Armour         | 3 4 |  4.0
Dodging        | 4 |  4.0
Throwing       | |  1.0

Action                   |  1- 3 |  4- 6 |  7- 9 | 10-12 || total
-------------------------+-------+-------+-------+-------++-------
Melee: Mace              |   122 |   236 |   232 |       ||   590
       Dire flail        |       |       |   126 |   338 ||   464
Throw: Boomerang         |     3 |       |     1 |       ||     4
 Cast: Blink             |       |     7 |    12 |     2 ||    21
       Gell's Gravitas   |       |       |     9 |       ||     9
       Manifold Assault  |       |       |       |     3 ||     3
Invok: Recall Ancestor   |       |       |     3 |     2 ||     5
       Ancestor Life: Kn |       |       |     1 |       ||     1
Evoke: Wand              |       |       |       |     1 ||     1
  Use: Scroll            |     1 |     1 |     9 |     5 ||    16
       Potion            |     1 |     2 |     3 |     1 ||     7
Armor: Robe              |    53 |    72 |    74 |     2 ||   201
       Skin              |       |    56 |       |       ||    56
       Swamp dragon scal |       |       |    70 |   110 ||   180
Dodge: Dodged            |    80 |   140 |   198 |   135 ||   553

Table legend: (Time is in decaauts)
 A = Elapsed time spent in this place.
 B = Non-inter-level travel time spent in this place.
 C = Inter-level travel time spent in this place.
 D = Time resting spent in this place.
 E = Time spent auto-exploring this place.
 F = Levels seen in this place.
 G = Mean time per level.
                   A        B        C        D        E       F      G
               +--------+--------+--------+--------+--------+-----+--------+
         Total |  12959 |  12556 |    403 |   1143 |   7184 |  15 |  863.9 |
       Dungeon |  12685 |  12282 |    403 |   1102 |   7184 |  12 | 1057.1 |
        Temple |    125 |    125 |      0 |      0 |      0 |   1 |  125.0 |
          Lair |     11 |     11 |      0 |      0 |      0 |   1 |   11.0 |
      Ice Cave |    136 |    136 |      0 |     41 |      0 |   1 |  136.0 |
               +--------+--------+--------+--------+--------+-----+--------+

Top non-repeatable levels by time:
     D:5: 2240 daAuts
     D:2: 1743 daAuts
     D:3: 1564 daAuts
     D:1: 1250 daAuts
     D:4: 1047 daAuts
     D:8: 1002 daAuts
     D:9: 1002 daAuts
     D:6: 833 daAuts
     D:7: 689 daAuts
    D:11: 621 daAuts
    D:10: 580 daAuts
   IceCv: 136 daAuts
  Temple: 125 daAuts
    D:12: 108 daAuts
  Lair:1: 11 daAuts
